 Dungeon Crawl Stone Soup version 0.24.0-10-g970556be89 (webtiles) character file.

Game seed: 16153347666390866913, levelgen mode: deterministic

2111 theswoord the Carver (level 9, -4/63 HPs)
             Began as a Demonspawn Monk on Nov 4, 2019.
             Was an Elder of Qazlal.
             Killed from afar by an electric eel (9 damage)
             ... with a bolt of electricity
             ... on level 7 of the Dungeon.
             The game lasted 00:10:37 (5777 turns).

theswoord the Carver (Demonspawn Monk)              Turns: 5777, Time: 00:10:38

Health: -4/63      AC:  9    Str: 12 (14) XL:     9   Next: 8%
Magic:  0/9        EV: 12    Int: 10 (12) God:    Qazlal [****..]
Gold:   278        SH:  5    Dex: 13 (16) Spells: 8/8 levels left

rFire    + . .     SeeInvis .   a - +1 falchion
rCold    + . .     Gourm    .   (no shield)
rNeg     . . .     Faith    .   e - +0 leather armour
rPois    .         Spirit   +   (no helmet)
rElec    .         Reflect  .   (no cloak)
rCorr    +         Harm     .   m - +1 pair of gloves
MR       .....                  (no boots)
Stlth    +.........             y - amulet of guardian spirit
HPRegen  0.20/turn              w - ring of protection from fire
MPRegen  0.11/turn              p - ring of protection from cold

@: lethally poisoned (-4 -> -6), flying, hasted, repel missiles, very quick
A: talons 1, yellow scales 3, demonic guardian 2, spiny 1
a: Upheaval, Elemental Force, Renounce Religion


You were on level 7 of the Dungeon.
You worshipped Qazlal.
Qazlal was greatly pleased with you.
You were hungry.

You visited 1 branch of the dungeon, and saw 7 of its levels.

You collected 278 gold pieces.

Inventory:

Hand Weapons
 a - a +1 falchion (weapon)
Armour
 b - a +0 robe
 e - a +0 leather armour (worn)
 i - a cursed +0 leather armour
 m - a +1 pair of gloves (worn)
Jewellery
 k - a +1 ring of protection
 p - a ring of protection from cold (right hand)
 v - a +5 ring of dexterity
 w - a ring of protection from fire (left hand)
 y - an amulet of guardian spirit (around neck)
Wands
 q - a wand of clouds (7)
Scrolls
 s - a scroll of enchant armour
 u - a scroll of identify
 A - a scroll of remove curse
Potions
 g - 3 potions of lignification
 j - a potion of might
 l - 2 potions of degeneration
 r - a potion of invisibility {unknown}
 t - 2 potions of curing {unknown}
 x - a potion of cancellation {unknown}
 z - a potion of ambrosia {unknown}
Comestibles
 c - 15 rations
 d - 2 chunks of flesh


   Skills:
 - Level 3.0 Fighting
 + Level 11.2 Long Blades
 - Level 2.6 Dodging
 - Level 1.7 Stealth


You had 8 spell levels left.
You didn't know any spells.
Your spell library contained the following spells:

 Spells                   Type           Power        Failure   Level  Hunger
 Confusing Touch          Hex            #.....       43%         1    ##.....
 Confuse                  Hex            #.......     82%         3    ####...
 Gell's Gravitas          Tloc           #.........   82%         3    ####...
 Petrify                  Tmut/Erth      #.......     99%         4    #####..
 Metabolic Englaciation   Hex/Ice        #.........   100%        5    ######.
 Yara's Violent Unravell  Hex/Tmut       #.........   100%        5    ######.


Dungeon Overview and Level Annotations

Branches:
Dungeon (7/15)             Temple (0/1) D:4

Altars:
Ashenzari
Dithmenos
Gozag
Kikubaaqudgha
Okawaru
Qazlal
The Shining One

Shops:
D:4 !


Innate Abilities, Weirdness & Mutations

You have sharp toenails.
You are completely covered in yellow scales. (AC +4, rCorr)
A demonic guardian rushes to your aid.
You are partially covered in sharp spines.


Message History

You feel very buoyant.
You fly up into the air.
The big kobold is struck by your spines.
The big kobold hits you.
The kobold throws a stone.
The stone hits your soul eater but does no damage.
You hear a splash.
You feel sick.
The electric eel shoots out a bolt of lightning at you!
The bolt of electricity hits you!
* * * LOW HITPOINT WARNING * * *
The kobold barely misses your soul eater.
Your soul eater barely misses the electric eel.
You feel sick.
The electric eel shoots out a bolt of lightning at you!
The bolt of electricity hits you!
* * * LOW HITPOINT WARNING * * *
It was a potion of haste.
You feel yourself speed up.
The electric eel shoots out a bolt of lightning at you!
The bolt of electricity hits you!
You die...

..................
..≈≈≈≈≈.≈≈≈≈≈.≈≈≈≈
..≈###≈.≈###≈.≈###
..≈# #≈.≈# #≈.≈#
#.≈###≈.≈# #≈.≈#
#.≈≈≈≈≈.≈≈≈≈≈.≈≈≈≈
#...KK............
#.≈§≈≈≈.≈≈≈≈≈.≈≈≈≈
#@≈# #≈K≈# #≈.≈# #
#§≈# #≈K≈# #≈.≈# #
#§≈###≈.≈###≈.≈###
#.≈;3≈≈.≈≈≈≈≈.≈≈≈≈
#.§K(.K...........
###.°........###.#
############ #..
###


You could see a big kobold, an electric eel and 2 kobolds.

Vanquished Creatures
  A manticore (D:7)
  The ghost of Daviar the Firebug, an amateur DsFE (D:4)
  Menkaure (D:7)
  An ice beast (D:6)
  A phantom (D:3)
  3 ogres
  A centaur (D:5)
  A gnoll sergeant (D:5)
  2 howler monkeys (D:7)
  An electric eel (D:7)
  A crimson imp (D:6)
  A centaur zombie (D:6)
  A bullfrog skeleton (D:7)
  5 hounds
  An orc priest (D:5)
  4 iguanas
  2 orc wizards (D:4)
  3 worker ants
  A hound zombie (D:5)
  A worker ant zombie (D:5)
  13 gnolls
  5 adders
  An ooze (D:1)
  2 adder skeletons
  3 worms
  A dart slug (D:2)
  3 leopard geckos
  13 orcs
  4 giant cockroaches
  7 goblins
  6 hobgoblins
  3 jackals
  7 kobolds
  5 quokkas
  A ball python (D:4)
  5 bats
  6 frilled lizards
  A giant cockroach zombie (D:4)
  A jackal skeleton (D:5)
  7 rats
127 creatures vanquished.

Vanquished Creatures (collateral kills)
  An electric eel (D:7)
  An orc wizard (D:5)
  An orc (D:5)
  A jackal (D:7)
4 creatures vanquished.

Grand Total: 131 creatures vanquished

Notes
Turn   | Place    | Note
-------+----------+-------------------------------------------
     0 | D:1      | theswoord the Demonspawn Monk began the quest for the Orb.
     0 | D:1      | Reached XP level 1. HP: 18/18 MP: 1/1
    95 | D:1      | Reached skill level 3 in Long Blades
   101 | D:1      | Gained mutation: You have sharp toenails. [demonic
                  | ancestry]
   101 | D:1      | Reached XP level 2. HP: 18/24 MP: 2/2
   543 | D:1      | Gained mutation: You are partially covered in yellow
                  | scales. (AC +2) [demonic ancestry]
   543 | D:1      | Reached XP level 3. HP: 23/29 MP: 3/3
   901 | D:2      | Found a faded altar of an unknown god.
   908 | D:2      | Reached skill level 4 in Long Blades
  1644 | D:2      | Found a glowing golden altar of the Shining One.
  2294 | D:2      | Became a worshipper of Qazlal Stormbringer
  2294 | D:2      | Reached * piety under Qazlal
  2294 | D:2      | Reached ** piety under Qazlal
  2348 | D:3      | Gained mutation: You are mostly covered in yellow scales.
                  | (AC +3) [demonic ancestry]
  2348 | D:3      | Reached XP level 4. HP: 35/35 MP: 4/4
  2358 | D:3      | Noticed a phantom
  2372 | D:3      | Killed a phantom
  2372 | D:3      | Reached skill level 5 in Long Blades
  2372 | D:3      | Gained mutation: You are partially covered in sharp spines.
                  | [demonic ancestry]
  2372 | D:3      | Reached XP level 5. HP: 27/41 MP: 5/5
  2670 | D:3      | Found a stormy altar of Qazlal.
  2678 | D:3      | Reached *** piety under Qazlal
  2685 | D:3      | Reached skill level 6 in Long Blades
  2824 | D:3      | Found a shattered altar of Ashenzari.
  2827 | D:3      | Found an ancient bone altar of Kikubaaqudgha.
  2830 | D:3      | Found an iron altar of Okawaru.
  2931 | D:3      | Found an opulent altar of Gozag.
  3056 | D:4      | Found Yclik's Distillery.
  3073 | D:4      | Reached XP level 6. HP: 43/47 MP: 6/6
  3109 | D:4      | Found a staircase to the Ecumenical Temple.
  3290 | D:4      | Found a transporter.
  3291 | D:4      | Found a transporter.
  3293 | D:4      | Identified the cursed +1 dire flail of Superiority {crush,
                  | rF+ MP-9 Dex+3 SInv}
  3294 | D:4      | Noticed Daviar's ghost (amateur DsFE)
  3539 | D:4      | Reached skill level 7 in Long Blades
  3661 | D:4      | Gained mutation: A weak demonic guardian rushes to your
                  | aid. [demonic ancestry]
  3661 | D:4      | Reached XP level 7. HP: 50/52 MP: 1/7
  3666 | D:4      | Killed Daviar's ghost
  3666 | D:4      | Reached skill level 8 in Long Blades
  3742 | D:5      | Entered Level 5 of the Dungeon
  3875 | D:5      | Reached **** piety under Qazlal
  4109 | D:5      | Reached skill level 9 in Long Blades
  4109 | D:5      | Gained mutation: You are completely covered in yellow
                  | scales. (AC +4, rCorr) [demonic ancestry]
  4109 | D:5      | Reached XP level 8. HP: 40/58 MP: 5/8
  4635 | D:6      | Found a shadowy altar of Dithmenos.
  4966 | D:7      | Noticed a manticore
  4978 | D:7      | Reached skill level 10 in Long Blades
  4982 | D:7      | Killed a manticore
  5024 | D:7      | Noticed Menkaure
  5331 | D:7      | Killed Menkaure
  5331 | D:7      | Reached skill level 11 in Long Blades
  5621 | D:7      | Gained mutation: A demonic guardian rushes to your aid.
                  | [demonic ancestry]
  5621 | D:7      | Reached XP level 9. HP: 61/63 MP: 9/9
  5777 | D:7      | Killed from afar by an electric eel

Skill      XL: |  1  2  3  4  5  6  7  8 |
---------------+-------------------------+-----
Long Blades    | 3 4 5 6 7 9 11 | 11.2
Fighting       | |  3.0
Dodging        | |  2.6
Stealth        | |  1.7

Action                   |  1- 3 |  4- 6 |  7- 9 || total
-------------------------+-------+-------+-------++-------
Melee: Falchion          |    97 |   100 |   155 ||   352
       Kick              |    27 |    28 |    48 ||   103
Invok: Upheaval          |       |       |     1 ||     1
  Use: Scroll            |     4 |     7 |     2 ||    13
       Potion            |       |     3 |     7 ||    10
 Stab: Sleeping          |     5 |       |       ||     5
  Eat: Chunk             |     4 |     5 |     6 ||    15
Armor: Leather armour    |    21 |    28 |    25 ||    74
Dodge: Dodged            |    52 |    34 |    70 ||   156
       Deflected         |       |       |     5 ||     5
Block: Other             |       |    13 |    25 ||    38
       Rpst.: Falchion   |    12 |     9 |    16 ||    37

Levels and vault maps discovered:
D:1:      lightli_arrival_lavapool, layout_loops_ring
D:2:      layout_loops_corners, lemuel_doored_altar,
          chequers_ecumenical_altar_simple
D:3:      cheibrodos_helix_gallery, layout_loops_ring, old_standard_altar,
          grunt_temple_overflow_diamond, first_ration, grunt_qazlal_clouds
D:4:      layout_loops_cross, minmay_temple_entry_mini_moons,
          gammafunk_ghost_smash, serial_shops, shop
D:5:      layout_basic
D:6:      layout_loops_ring, marbit_many_paths, patterned_corridor
D:7:      layout_layer_cave, eat_drink_and_be_merry_uskayaw, grunt_ogre_cave,
          kennysheep_boxes, uniq_menkaure
